 Dungeon Crawl Stone Soup version 0.30-a0-1016-gfb0d676c02 (webtiles) character file.

Game seed: 12176640492104263123

53 protoss039 the Sneak (level 3, -6/20 HPs)
             Began as a Vampire Enchanter on Apr 6, 2023.
             Mangled by a sleepcap (21 damage)
             ... on level 4 of the Dungeon.
             The game lasted 00:02:17 (672 turns).

protoss039 the Sneak (Vampire Enchanter)             Turns: 672, Time: 00:02:18

Health: -6/20      AC:  3    Str:  7    XL:     3   Next: 62%
Magic:  4/6        EV:  2    Int: 17    God:
Gold:   49         SH:  0    Dex: 16    Spells: 4/6 levels left

rFire   . . .      SeeInvis +    a - +1 dagger
rCold   . . .      Faith    .    (no shield)
rNeg    . . .      Spirit   .    b - +0 robe
rPois   .          Reflect  .    (no helmet)
rElec   .          Rampage  .    (no cloak)
rCorr   .                        e - +0 pair of gloves
Will    .....                    (no boots)
Stlth   +++                      (no amulet)
HPRegen 0.43/turn                (no ring)
MPRegen 0.10/turn                (no ring)

@: sleeping, healing quickly
A: alive, fangs 3, see invisible, vampiric 2, [frail 2]
a: Exsanguinate


You were on level 4 of the Dungeon.
You visited 1 branch of the dungeon, and saw 3 of its levels.

You collected 49 gold pieces.

Inventory:

Hand Weapons
 a - a +1 dagger (weapon)
Armour
 b - a +0 robe (worn)
 e - a +0 pair of gloves (worn)
Scrolls
 f - a scroll of noise {unknown}
 g - 3 scrolls of identify {unknown}
 h - 2 scrolls of fog {unknown}
 i - a scroll of amnesia {unknown}
 j - a scroll of fear {unknown}
Potions
 c - a potion of invisibility
 d - a potion of curing {unknown}
 k - a potion of berserk rage {unknown}


   Skills:
 * Level 1.2 Fighting
 + Level 1.6 Short Blades
 + Level 0.7 Armour
 + Level 2.5 Dodging
 * Level 5.1 Stealth
 + Level 2.2 Spellcasting
 + Level 4.7 Hexes


You had 4 spell levels left.
You knew the following spells:

 Your Spells              Type           Power      Damage    Failure   Level
a - Ensorcelled Hibernat  Hex/Ice        18%        N/A       11%         2

Your spell library contained the following spells:

 Spells                   Type           Power      Damage    Failure   Level
 Confusing Touch          Hex            17%        N/A       9%          3
 Tukima's Dance           Hex            17%        N/A       9%          3
 Dazzling Flash           Conj/Hex       18%        N/A       22%         3
 Summon Ice Beast         Ice/Summ       1%         N/A       88%         4
 Summon Mana Viper        Hex/Summ       9%         N/A       90%         5
 Monstrous Menagerie      Summ           0%         N/A       100%        7


Dungeon Overview and Level Annotations

Branches:
Dungeon (2/15) Zot: 17311

Altars:


Innate Abilities, Weirdness & Mutations

Your natural rate of healing is accelerated.
You have razor-sharp teeth.
You have supernaturally acute eyesight. (SInv)
You are afflicted with vampirism and can become a bat while bloodless.
[You are very frail. (-20% HP)]


Message History

Your Stealth skill increases to level 5!
You have reached level 3!
Your experience leads to an increase in your attributes!
Increase (S)trength, (I)ntelligence, or (D)exterity?
You feel agile. x2
You can now turn into a vampire bat when bloodless.
Unknown command.
Okay, then.
You begin the revivification ritual.
You continue your ritual. x5
You return to life.
You feel frail.
Unknown command.
HP restored.
Magic restored.
Found a whip.
k - a grey potion
Found a robe.
Found a stone staircase leading up.
g - 3 scrolls labelled REUJIUSHR HANKO (gained 1)
Found 8 stones.
A kobold and a sleepcap come into view.
The kobold shouts!
The kobold throws a stone.
The stone hits you.
Press: ? - help, v - describe, . - travel
Here: a sleepcap The floor.
A worm comes into view.
The kobold closely misses you.
Casting: Ensorcelled Hibernation (safe; 11% risk of failure)
Confirm with . or Enter, or press ? or * to list all spells.
Aiming: Ensorcelled Hibernation (safe; 11% risk of failure)
Press: ? - help, Shift-Dir - straight line, f - sleepcap
Aim: a sleepcap (not susceptible)
The sleepcap is unaffected.
The sleepcap releases spores at you.
You are engulfed in a cloud of soporific spores!
You fall asleep.
The kobold hits you but does no damage. The sleepcap releases spores at you!!
Ouch! That really hurt!
You die...

.......#.##..
.......w.....#
.............#
.............#
.............#
.............#
##....Kf....##
.#......@..8..##
.........#......
.........##..$.. #.....
.......?.....#.#
.....##.##.###.......###
.....#..#... #..........
.......##..###..#..###..
.......#...##...#......#
............#.....#.....


You could see a sleepcap, a worm and a kobold.

Vanquished Creatures
  An iguana (D:4)
  An endoplasm (D:1)
  3 giant cockroaches (D:1)
  5 goblins (D:1)
  A hobgoblin (D:1)
  4 quokkas (D:1)
  3 bats (D:1)
  A frilled lizard (D:1)
  2 kobolds (D:1)
  3 rats (D:1)
24 creatures vanquished.

Vanquished Creatures (others)
  A plant (D:1)
1 creature vanquished.

Grand Total: 25 creatures vanquished

Notes
Turn   | Place    | Note
-------+----------+-------------------------------------------
     0 | D:1      | protoss039 the Vampire Enchanter began the quest for the
                  | Orb.
     0 | D:1      | Reached XP level 1. HP: 13/13 MP: 3/3
   139 | D:1      | Reached XP level 2. HP: 14/14 MP: 5/5
   349 | D:1      | Learned a level 2 spell: Ensorcelled Hibernation
   587 | D:2      | You fall into a shaft and drop 2 floors!
   600 | D:4      | Reached skill level 1 in Fighting
   600 | D:4      | Reached skill level 5 in Stealth
   600 | D:4      | Gained mutation: You are afflicted with vampirism and can
                  | become a bat while bloodless. [Vampire growth]
   600 | D:4      | Reached XP level 3. HP: 6/18 MP: 1/6
   672 | D:4      | Mangled by a sleepcap

Illustrated notes

Levels and vault maps discovered:
D:1:      roderic_crossed_star, layout_rooms, serial_bayou_lake_a
D:2:      layout_rooms, hangedman_decor_push, skrybe_limestone_x,
          nicolae_underground_beach
D:4:      layout_cave_pools, mainiacjoe_overflow_alcove_2, serial_column_ruins,
          column_ruins_temple_circle, column_ruins_grid_1, column_ruins_grid_1,
          column_ruins_open_tiny, column_ruins_open_tiny, column_ruins_grid_3,
          nicolae_elemental_shop, roderic_serpentine_path

Skill      XL: |  1  2 |
---------------+-------+-----
Fighting       | 1 |  1.2
Stealth        | 5 |  5.1
Short Blades   | |  1.6
Armour         | |  0.7
Dodging        | |  2.5
Spellcasting   | |  2.2
Hexes          | |  4.7

Action                     || total
---------------------------++-------
  Melee: Dagger            ||    65
         Bite              ||     4
   Cast: Ensorcelled Hiber ||     4
Ability: Exsanguinate      ||     2
         Revivify          ||     2
    Use: Potion            ||     1
   Stab: Sleeping          ||    15
         Invisible         ||     1
 Armour: Robe              ||    12
  Dodge: Dodged            ||    36

Table legend: (Time is in decaauts)
 A = Elapsed time spent in this place.
 B = Non-inter-level travel time spent in this place.
 C = Inter-level travel time spent in this place.
 D = Time resting spent in this place.
 E = Time spent auto-exploring this place.
 F = Levels seen in this place.
 G = Mean time per level.
                   A        B        C        D        E       F      G
               +--------+--------+--------+--------+--------+-----+--------+
         Total |    687 |    672 |     15 |      0 |    394 |   3 |  229.0 |
       Dungeon |    687 |    672 |     15 |      0 |    394 |   3 |  229.0 |
               +--------+--------+--------+--------+--------+-----+--------+

Top non-repeatable levels by time:
     D:1: 601 daAuts
     D:4: 84 daAuts
     D:2: 1 daAuts
